 Dungeon Crawl Stone Soup version 0.17-a0-1650-gce8475a (webtiles) character file.

49 Parakulo the Grave Robber (level 3, 0/24 HPs)
             Began as a Mummy Necromancer on Aug 13, 2015.
             Slain by a jackal (2 damage)
             ... on level 2 of the Dungeon.
             The game lasted 00:08:48 (1054 turns).

Parakulo the Grave Robber (Mummy Necromancer)       Turns: 1054, Time: 00:08:48

Health: 0/24       AC:  2    Str: 11    XL:     3   Next: 53%
Magic:  1/7        EV: 12    Int: 14    God:
Gold:   28         SH:  0    Dex: 13    Spells: 3 memorised, 2 levels left

rFire  x . .     SeeInvis .     h - +0 hunting sling
rCold  + . .     Clarity  .     a - +0 robe
rNeg   + + +     SustAt   .     (no shield)
rPois  ∞         Gourm    .     (no helmet)
rElec  .         Spirit   .     (no cloak)
rCorr  .         Warding  .     (no gloves)
rMut   .         Stasis   .     (no boots)
MR     .....                    (no amulet)
Stlth  ++........               (no ring)
                                (no ring)

@: not resistant to hostile enchantments, unstealthy
A: no food or potions, fire vulnerability, cold resistance 1, negative energy
resistance 3, torment resistance, unbreathing
a: no special abilities


You were on level 2 of the Dungeon.
You were not hungry.

You visited 1 branch of the dungeon, and saw 2 of its levels.

You collected 28 gold pieces.

Inventory:

Hand weapons
 h - a +0 hunting sling (weapon)
Missiles
 d - 58 stones
 e - 4 sling bullets (quivered)
Armour
 a - a +0 robe (worn)
Scrolls
 f - 3 scrolls of remove curse
Books
 b - a book of Necromancy

   Spells                             Type                      Level
   a - Pain                           Necromancy                   1
   b - Animate Skeleton               Necromancy                   1
   c - Vampiric Draining              Necromancy                   3
   d - Regeneration                   Charms/Necromancy            3
   e - Animate Dead                   Necromancy                   4
   f - Control Undead                 Necromancy                   4


   Skills:
 - Level 1.5 Dodging
 - Level 1.5 Stealth
 + Level 2.6 Spellcasting
 + Level 4.9 Necromancy


You had 2 spell levels left.
You knew the following spells:

 Your Spells              Type           Power        Failure   Level  Hunger
a - Pain                  Necr           ###.         2%          1    N/A
b - Animate Skeleton      Necr           N/A          2%          1    N/A
c - Vampiric Draining     Necr           ###.......   10%         3    N/A

Dungeon Overview and Level Annotations

Branches:
Dungeon (2/15)

Altars:


Innate Abilities, Weirdness & Mutations

You do not eat or drink.
Your flesh is vulnerable to fire.
You are immune to poison.
Your flesh is cold resistant.
You are immune to negative energy.
You are immune to unholy pain and torment.
You can survive without breathing.


Message History

The adder is severely wounded.
The jackal bites you.
* * * LOW HITPOINT WARNING * * *
The jackal closely misses you.
Firing (i - inventory. (,) - cycle):
e - 6 sling bullets (quivered)
Press: ? - help, Shift-Dir - straight line, f/p - adder
Aim: an adder (severely wounded)
You shoot a sling bullet.
The sling bullet closely misses the jackal.
The sling bullet closely misses the adder.
The sling bullet hits the hobgoblin.
The hobgoblin is lightly wounded.
The jackal barely misses you.
Firing (i - inventory. (,) - cycle):
e - 5 sling bullets (quivered)
Press: ? - help, Shift-Dir - straight line, f/p - adder
Aim: an adder (severely wounded)
You shoot a sling bullet. The sling bullet hits the jackal.
The jackal is moderately wounded.
The jackal bites you.
You die...

## #.. #.?. #....
#.....##################
#.....+@hSg...(..)....†.
#....S###h...........?..
#...> +...............
#... #.#..%.)..........
#.. #......#..####....
#. #####.....## #.##. #
#........# #.#..
#........# #.#..
#........# #.


You could see an adder, 2 jackals and a hobgoblin.

Vanquished Creatures
  An adder (D:2)
  A worm (D:2)
  7 bats (D:1)
  3 goblins
  4 hobgoblins
  A jackal (D:2)
  3 giant newts
  5 kobolds
  6 rats
31 creatures vanquished.

Vanquished Creatures (collateral kills)
  An ooze (D:1)
  2 hobgoblins
  A jackal (D:2)
  A giant gecko (D:1)
  A goblin (D:2)
  A rat (D:2)
7 creatures vanquished.

Grand Total: 38 creatures vanquished

Notes
Turn   | Place    | Note
--------------------------------------------------------------
     0 | D:1      | Parakulo the Mummy Necromancer began the quest for the Orb.
     0 | D:1      | Reached XP level 1. HP: 13/13 MP: 3/3
    16 | D:1      | Learned a level 1 spell: Animate Skeleton
   197 | D:1      | Reached XP level 2. HP: 19/19 MP: 1/5
   748 | D:2      | Reached XP level 3. HP: 21/24 MP: 0/6
   843 | D:2      | Learned a level 3 spell: Vampiric Draining
  1052 | D:2      | HP: 1/24 [jackal (1)]
  1054 | D:2      | Slain by a jackal

Vault maps used:
D:1:      scummos_arrival_simple_fountains, wad_floor_pattern_2
D:2:      uniq_jessica

Action                   || total
-------------------------++-------
Melee: Unarmed           ||     1
 Fire: Hunting sling     ||    29
 Cast: Pain              ||    46
       Animate Skeleton  ||    18
  Use: Scroll            ||     3
 Stab: Sleeping          ||     1
